AoeStats
← Solace.

Arena

510766792Analyzed
2v2 RM · 1d ago on Oct 2, 2026· 28m 46s· 4 players
Game mode
Random Map
Map size
Medium (4 player)
Population
200
Speed
Normal
Resources
Standard
Victory
Conquest
Starting age
Dark Age
Ending age
Imperial Age
RankedLock teamsTeams togetherTeam positionsShared explorationLock speedFull tech treeHidden civsTurbo modeCheats
Victory
Defeat
🇨🇳 Armenians · China
950
+15
🇨🇳 Cumans · China
914
+16
🇩🇪 Chinese · Germany
941
-16
🇹🇷 Goths · Türkiye
909
-15
ılıJoKeRılı
5:52 Loom
11:47 Feudal Age
12:27 Double-Bit Axe
12:25 Horse Collar
17:04 Fletching
17:08 Man-at-Arms
22:06 Gold Mining
24:39 Castle Age
24:09 Wheelbarrow
23:48 Stone Mining
25:02 Long Swordsman
25:44 Squires
25:06 Pikeman
26:30 Bow Saw
26:30 Scale Mail Armor
26:42 Forging
26:28 Bodkin Arrow
27:13 Stone Shaft Mining
DerKo
10:30 Feudal Age
18:35 Castle Age
16:36 Man-at-Arms
18:24 Double-Bit Axe
20:28 Long Swordsman
413401132
10:30 Feudal Age
11:23 Double-Bit Axe
11:37 Horse Collar
12:37 Gold Mining
15:18 Loom
15:50 Scale Mail Armor
16:43 Man-at-Arms
23:53 Wheelbarrow
24:26 Forging
26:38 Castle Age
26:44 Capped Ram
27:49 Long Swordsman
28:30 Squires
29:04 Chain Mail Armor
29:24 Iron Casting
29:09 Hand Cart
Solace.
6:35 Loom
9:12 Feudal Age
10:37 Double-Bit Axe
10:34 Horse Collar
12:08 Man-at-Arms
12:34 Arson
13:41 Long Swordsman
21:34 Forging
21:25 Scale Mail Armor
28:44 Castle Age
Connection lost

Rejoining the realm…

Still unreachable

The connection could not be restored.

Session expired

The server has moved on; the page needs a fresh start.